 Dungeon Crawl Stone Soup version 0.28-a0-845-gfc338a8e3c (webtiles) character file.

Game seed: 1991287389700736861

80 spiderkeys the Ducker (level 4, -3/27 HPs)
             Began as a Deep Elf Abyssal Knight on Nov 13, 2021.
             Was a Follower of Lugonu.
             Killed from afar by a ynoxinul (30 damage)
             ... with an iron shot
             ... on level 3 of the Abyss.
             The game lasted 00:01:08 (358 turns).

spiderkeys the Ducker (Deep Elf Abyssal Knight)      Turns: 358, Time: 00:01:09

Health: -3/27      AC:  3    Str: 10    XL:     4   Next: 18%
Magic:  8/8        EV: 12    Int: 15    God:    Lugonu [*.....]
Gold:   22         SH:  0    Dex: 16    Spells: 3/3 levels left

rFire   . . .      SeeInvis .   a - +1 short sword
rCold   . . .      Faith    .   (no shield)
rNeg    . . .      Spirit   .   b - +0 leather armour
rPois   .          Reflect  .   (no helmet)
rElec   .          Harm     .   (no cloak)
rCorr   .          Rampage  .   (no gloves)
Will    .....                   (no boots)
Stlth   +.........              (no amulet)
HPRegen 0.09/turn               (no ring)
MPRegen 0.11/turn               (no ring)

@: no status effects
A: no striking features
a: Renounce Religion, Depart the Abyss


You were on level 3 of the Abyss.
You worshipped Lugonu.
Lugonu was aware of your devotion.
You visited 0 branches of the dungeon, and saw 0 of its levels.
You visited the Abyss 1 time.

You collected 22 gold pieces.


   Skills:
 + Level 2.9 Fighting
 + Level 2.8 Short Blades
 - Level 0.7 Armour
 + Level 3.4 Dodging
 * Level 0.0 Stealth
 + Level 2.9 Invocations


You had 3 spell levels left.
You didn't know any spells.
Your spell library was empty.

Inventory:

Hand Weapons
 a - a +1 short sword (weapon)
Armour
 b - a +0 leather armour (worn)
Wands
 c - a wand of acid (4)
   (You found it on level 2 of the Abyss)
Potions
 d - a potion of attraction {!q}

Dungeon Overview and Level Annotations

Branches:
Dungeon (0/15)

Altars:

## #. _#...
.#..# ..##.
..#.. #..#.
####..#..###
..#. # ##..
.......###
###.# .#..##
#......##.##
.#.## ..#..#.#
.......#...###
.##
#..#.#@#..# #
#.....#...#.#
..3.###...#.#
# #.#. #3#...#
. . ..##.#.. .
##. .#.... #
.# ##.#. ..
..## ## .#.


You could see a ynoxinul (corroded).


Message History

🤖 Initializing magus.rc ... ✅ Successfully initialized magus.rc [v1.9.10] Welcome, spiderkeys the Deep Elf Abyssal Knight.
Will you prevail where others failed? Will you find the Orb of Zot?
Lugonu says: Depart the Abyss and spread corruption, my servant! (use the ability menu to exit the Abyss) Press ? for a list of commands and other information.
Found a corrupted altar of Lugonu.
Found a gateway leading out of the Abyss.
An ancient zyme comes into view.
You feel yourself growing ill in the presence of the ancient zyme.
You start waiting.
Found a gateway leading deeper into the Abyss.
Done waiting.
There is a gateway leading deeper into the Abyss here.
You plunge deeper into the Abyss.
c - a wand of acid (9)
You now have 22 gold pieces.
Aiming: Corrosive Bolt
Press: ? - help, Shift-Dir - straight line, f - small abomination
Aim: a small abomination (translocational energy, wandering, hasn't noticed you, 75% to hit)
The bolt of acid hits the small abomination!
The acid corrodes the small abomination!
Aiming: Corrosive Bolt
Press: ? - help, Shift-Dir - straight line, f/p - small abomination
Aim: a small abomination (moderately damaged, covered in acid, 75% to hit)
The bolt of acid hits the small abomination!
Aiming: Corrosive Bolt
Press: ? - help, Shift-Dir - straight line, f/p - small abomination
Aim: a small abomination (almost destroyed, covered in acid, 75% to hit)
The bolt of acid hits the small abomination!
You destroy the small abomination!
Your Dodging skill increases to level 3!
You have reached level 2!
You have reached level 3!
Your experience leads to an increase in your attributes!
Increase (S)trength, (I)ntelligence, or (D)exterity?
You feel agile.
You have reached level 4!
You feel clever. 😎 HP[+14] MP[+4]
You now have 27 max hp (+14).
Your hp is fully restored (27).
Your mp is fully restored (8).
The substance of the Abyss twists violently, and a gateway leading out appears!
There is a gateway leading out of the Abyss here.
Found a gateway leading deeper into the Abyss.
There is a gateway leading deeper into the Abyss here.
d - a cyan potion Unknown command.
There is a gateway leading deeper into the Abyss here.
You plunge deeper into the Abyss.
The abyssal rune of Zot can be found at this depth.
e - a scroll labelled GATHIRPH BEOSS
Found a corrupted altar of Lugonu.
A ynoxinul comes into view.
As you read the scroll labelled GATHIRPH BEOSS, it crumbles to dust.
It is a scroll of identify.
d - a potion of attraction
Aiming: Corrosive Bolt
Press: ? - help, Shift-Dir - straight line, f - you
Okay, then.
Aiming: Corrosive Bolt
Press: ? - help, Shift-Dir - straight line, f - ynoxinul
Aim: a ynoxinul (71% to hit)
The bolt of acid hits the ynoxinul!
Aiming: Corrosive Bolt
Press: ? - help, Shift-Dir - straight line, f/p - ynoxinul
Aim: a ynoxinul (moderately wounded, 71% to hit)
The bolt of acid hits the ynoxinul!
The acid corrodes the ynoxinul!
The ynoxinul gestures at you. The iron shot hits you!!
Ouch! That really hurt!
You die...

Skill      XL: |  1 |
---------------+----+-----
Dodging        | 3 |  3.4
Fighting       | |  2.9
Short Blades   | |  2.8
Armour         | |  0.7
Invocations    | |  2.9

Action                   |  1- 3 |  4- 6 || total
-------------------------+-------+-------++-------
Evoke: Wand              |     3 |     2 ||     5
  Use: Scroll            |       |     1 ||     1

Levels and vault maps discovered:
Abyss:3:  base: Temple, evilmike_nicolae_abyss_rune_containment_curve,
          minivault_11

Notes
Turn   | Place    | Note
-------+----------+-------------------------------------------
     0 | Abyss:1  | spiderkeys the Deep Elf Abyssal Knight began the quest for
                  | the Orb.
     0 | Abyss:1  | Reached XP level 1. HP: 13/13 MP: 4/4
     0 | Abyss:1  | magus.rc [v1.9.10]
    43 | Abyss:1  | Noticed an ancient zyme
   196 | Abyss:2  | Noticed a small abomination
   199 | Abyss:2  | Killed a small abomination
   200 | Abyss:2  | Reached skill level 3 in Dodging
   200 | Abyss:2  | Reached XP level 2. HP: 18/18 MP: 6/6
   200 | Abyss:2  | Reached XP level 3. HP: 22/22 MP: 7/7
   200 | Abyss:2  | Reached XP level 4. HP: 27/27 MP: 8/8
   334 | Abyss:3  | Found a corrupted altar of Lugonu.
   350 | Abyss:3  | Noticed a ynoxinul
   358 | Abyss:3  | Killed from afar by a ynoxinul

Vanquished Creatures
  A small abomination (Abyss:2)
1 creature vanquished.

Table legend:
 A = Non-vault XP
 B = Vault XP
 C = Vault XP percentage of total XP
 D = Non-vault monster count
 E = Vault monster count
 F = Vault count percentage of total count
                 A         B        C        D         E       F
            +---------+---------+-------+---------+---------+-------
      Total |     115 |       0 |   0.0 |       1 |       0 |   0.0
            +---------+---------+-------+---------+---------+-------
    Abyss:2 |     115 |       0 |   0.0 |       1 |       0 |   0.0
            +---------+---------+-------+---------+---------+-------

Illustrated notes

Table legend:
 A = Kills in this place as a percentage of kills in entire the game.
 B = Kills by you in this place as a percentage of kills by you in the entire game.
 C = Kills by friends in this place as a percentage of kills by friends in the entire game.
 D = Other kills in this place as a percentage of other kills in the entire game.
 E = Experience gained in this place as a percentage of experience gained in the entire game.
 F = Experience gained in this place divided by the number of levels of this place that you have seen.
                   A       B       C       D       E      F
               +-------+-------+-------+-------+-------+----------------------
         Total | 100.0 | 100.0 |   N/A |   N/A | 100.0 |  38.3
         Abyss | 100.0 | 100.0 |   N/A |   N/A | 100.0 |  38.3
               +-------+-------+-------+-------+-------+----------------------

Table legend: (Time is in decaauts)
 A = Elapsed time spent in this place.
 B = Non-inter-level travel time spent in this place.
 C = Inter-level travel time spent in this place.
 D = Time resting spent in this place.
 E = Time spent auto-exploring this place.
 F = Levels seen in this place.
 G = Mean time per level.
                   A        B        C        D        E       F      G
               +--------+--------+--------+--------+--------+-----+--------+
         Total |    357 |    357 |      0 |    100 |    126 |   3 |  119.0 |
         Abyss |    357 |    357 |      0 |    100 |    126 |   3 |  119.0 |
               +--------+--------+--------+--------+--------+-----+--------+

Top non-repeatable levels by time:
 Abyss:1: 179 daAuts
 Abyss:2: 137 daAuts
 Abyss:3: 40 daAuts
